 Dungeon Crawl Stone Soup version 0.21-a0-496-g696f58f (webtiles) character file.

5455 DogShitOnMyToe the Basher (level 10, -5/66 HPs)
             Began as a Gargoyle Fighter on Nov 23, 2017.
             Was a Believer of the Shining One.
             Splashed by a jelly's acid (9 damage)
             ... on level 11 of the Dungeon.
             The game lasted 00:14:41 (8930 turns).

DogShitOnMyToe the Basher (Gargoyle Fighter)        Turns: 8930, Time: 00:14:42

Health: -5/66      AC: -2    Str: 22    XL:     10   Next: 68%
Magic:  10/10      EV: 14    Int:  9    God:    the Shining One [**....]
Gold:   456        SH: 10    Dex: 15    Spells: 9/9 levels left

rFire    + . .     SeeInvis .   F - +1 whip (venom)
rCold    + . .     Gourm    .   c - +0 shield
rNeg     + + .     Faith    .   b - +0 scale mail
rPois    ∞         Spirit   .   (no helmet)
rElec    +         Reflect  .   p - scarf {rC+ rF+}
rCorr    .         Harm     .   A - +0 pair of gloves
MR       +....                  (no boots)
Stlth    +.........             J - amulet of regeneration
HPRegen  0.61/turn              K - ring of protection from magic
MPRegen  0.12/turn              u - +2 ring of evasion

@: agile, corroded, glowing
A: negative energy resistance 1, electricity resistance, unbreathing,
petrification resistance, rot immunity, AC +7
a: Divine Shield, Renounce Religion


You were on level 11 of the Dungeon.
You worshipped the Shining One.
The Shining One was pleased with you.
You were near starving.

You visited 2 branches of the dungeon, and saw 12 of its levels.
You also visited: Sewer.

You collected 456 gold pieces.

Inventory:

Hand Weapons
 a - a +0 flail
 C - a +0 morningstar
 F - a +1 whip of venom (weapon)
 L - a +0 whip of freezing
 Q - the +11 flail "Faadwics" {protect, rElec MR+ MP+9 Str-4, unknown}
   (You found it on level 11 of the Dungeon)

   It protects the one who uses it against injury (+AC on strike).
   It affects your strength (-4).
   It insulates you from electricity.
   It affects your resistance to hostile enchantments.
   It affects your magic capacity (+9).
Missiles
 D - 3 poisoned tomahawks (quivered)
Armour
 b - a +0 scale mail (worn)
 c - a +0 shield (worn)
 p - a scarf of resistance (worn)
 A - a +0 pair of gloves (worn)
Jewellery
 t - an uncursed ring of stealth
 u - a +2 ring of evasion (right hand)
 I - an uncursed ring of ice
 J - an amulet of regeneration (around neck)
 K - a ring of protection from magic (left hand)
Wands
 l - a wand of paralysis (7)
 m - a wand of iceblast (17)
 O - a wand of flame (20)
Scrolls
 e - 6 scrolls of remove curse {unknown}
 h - a scroll of teleportation
 i - a scroll of blinking {unknown}
 j - 8 scrolls of identify {unknown}
 n - 3 scrolls of amnesia
 o - 3 scrolls of fog {unknown}
 q - 4 scrolls of fear {unknown}
 r - a scroll of enchant armour {unknown}
 y - 2 scrolls of magic mapping {unknown}
 H - 2 scrolls of enchant weapon {unknown}
Potions
 k - 4 potions of curing {unknown}
 s - a potion of magic {unknown}
 v - 3 potions of heal wounds {unknown}
 w - 2 potions of haste {unknown}
 x - a potion of agility
 B - 2 potions of brilliance {unknown}
 E - 2 potions of flight {unknown}
 M - a potion of lignification {unknown}
 N - a potion of degeneration {unknown}
Books
 d - a book of Debilitation

   Spells                             Type                      Level
   a - Corona                         Hexes                        1
   b - Slow                           Hexes                        2
   c - Inner Flame                    Hexes/Fire                   3
   d - Portal Projectile              Hexes/Translocation          3
   e - Cause Fear                     Hexes                        4
   f - Leda's Liquefaction            Hexes/Earth                  4
 G - a book of Maledictions

   Spells                             Type                      Level
   a - Corona                         Hexes                        1
   b - Ensorcelled Hibernation        Hexes/Ice                    2
   c - Confuse                        Hexes                        3
   d - Tukima's Dance                 Hexes                        3
   e - Dazzling Spray                 Conjuration/Hexes            3
 P - a book of Conjurations

   Spells                             Type                      Level
   a - Magic Dart                     Conjuration                  1
   b - Searing Ray                    Conjuration                  2
   c - Dazzling Spray                 Conjuration/Hexes            3
   d - Fulminant Prism                Conjuration/Hexes            4
   e - Force Lance                    Conjuration/Translocation    4
   f - Iskenderun's Mystic Blast      Conjuration                  4
Comestibles
 f - 6 bread rations
 g - 6 meat rations
 z - 13 royal jellies


   Skills:
 + Level 9.3 Fighting
 - Level 11.0 Maces & Flails
 + Level 9.3 Armour
 - Level 3.2 Shields


You had 9 spell levels left.
You didn't know any spells.

Dungeon Overview and Level Annotations

Branches:
Dungeon (10/15)            Temple (1/1) D:4            Lair (0/6) D:9
    Orc: D:9-12

Altars:
Ashenzari
Cheibriados
Dithmenos
Elyvilon
Fedhas
Gozag
Hepliaklqana
Kikubaaqudgha
Makhleb
Nemelex Xobeh
Okawaru
Qazlal
Ru
Sif Muna
Trog
Uskayaw
Vehumet
Wu Jian
Xom
Yredelemnul
Zin
The Shining One

Annotations:
D:4 VeryStrategic's ghost, amateur CeHu
D:5 2 transporters


Innate Abilities, Weirdness & Mutations

You are resistant to torment.
Your stone body is resilient. (AC +7)
You are immune to poison.
You resist negative energy. (rN+)
You are resistant to electric shocks. (rElec)
You can survive without breathing.
You are immune to petrification.
You are immune to rotting.


Message History

The jelly is lightly wounded.
The jelly hits you but does no damage.
You hit the jelly but do no damage.
Your hands burn!
* * * LOW HITPOINT WARNING * * *
The jelly is lightly wounded.
You block the jelly's attack.
You hit the jelly but do no damage.
Your hands burn!
* * * LOW HITPOINT WARNING * * *
You hit the jelly but do no damage. The acid corrodes you!
Your hands burn!
* * * LOW HITPOINT WARNING * * *
The jelly hits you.
* * * LOW HITPOINT WARNING * * *
The acid corrodes you!
You are splashed with acid!
The acid burns!
* * * LOW HITPOINT WARNING * * *
It was a potion of agility.
You feel agile all of a sudden. The jelly hits you.
* * * LOW HITPOINT WARNING * * *
You are splashed with acid!
The acid burns!
You die...

########################
............(...........
...........(((..$.......
..............(.........
...#####.......(.)......
.. #.......J@)...... .
#........h)......
#................
..................
...........#######
.....#####..# .......
.... +##...## #### .....


You could see a jelly and a jackal.

Vanquished Creatures
  The ghost of Charmandara the Bewitcher, a novice DEEn of Sif Muna (D:8)
  Pikel (D:7)
  A troll (D:9)
  Prince Ribbit (D:6)
  A hornet (D:8)
  Sigmund (D:4)
  Eustachio (D:6)
  Menkaure (D:4)
  2 wargs (D:9)
  2 soldier ants (D:8)
  A slave (D:7)
  3 ice beasts
  A phantom (D:7)
  A necrophage (D:8)
  2 orc warriors
  7 ogres
  5 centaurs
  A big kobold (Sewer)
  2 bullfrogs (D:6)
  A scorpion (D:4)
  4 wights (D:9)
  3 crimson imps
  A bullfrog zombie (D:8)
  4 hounds
  A jelly (D:6)
  3 orc priests
  2 bullfrog skeletons
  3 iguanas
  2 worker ants
  A worker ant zombie (D:4)
  6 gnolls
  13 adders
  2 river rats (Sewer)
  2 shadow imps (D:9)
  2 oozes
  3 adder skeletons
  7 worms
  4 dart slugs
  8 leopard geckos
  24 orcs
  3 giant cockroaches
  9 goblins
  6 hobgoblins
  18 jackals
  4 quokkas
  6 bats
  4 frilled lizards
  13 kobolds
  A leopard gecko skeleton (D:4)
  A quokka skeleton (D:4)
  8 rats
204 creatures vanquished.

Notes
Turn   | Place    | Note
-------+----------+-------------------------------------------
     0 | D:1      | DogShitOnMyToe the Gargoyle Fighter began the quest for the Orb.
     0 | D:1      | Reached XP level 1. HP: 14/14 MP: 1/1
    66 | D:1      | Reached XP level 2. HP: 13/19 MP: 2/2
   296 | D:1      | Reached skill level 3 in Maces & Flails
   436 | D:1      | Reached XP level 3. HP: 23/23 MP: 3/3
   790 | D:2      | HP: 6/23 [worm (7)]
   820 | D:2      | Reached skill level 4 in Maces & Flails
   830 | D:2      | HP: 7/23 [worm (2)]
  1158 | D:2      | Reached XP level 4. HP: 28/28 MP: 4/4
  1643 | D:3      | Reached skill level 5 in Maces & Flails
  1720 | D:3      | Reached XP level 5. HP: 28/32 MP: 5/5
  2247 | D:4      | Noticed Menkaure
  2252 | D:4      | HP: 6/32 [Menkaure (16)]
  2255 | D:4      | HP: 2/32 [Menkaure/nerve-wracking pain (2)]
  2258 | D:4      | Killed Menkaure
  2258 | D:4      | Reached skill level 6 in Maces & Flails
  2258 | D:4      | Reached XP level 6. HP: 3/37 MP: 6/6
  2544 | D:4      | Noticed Sigmund
  2657 | D:4      | HP: 16/37 [Sigmund/scythe (5)]
  2660 | D:4      | Killed Sigmund
  2660 | D:4      | Reached skill level 7 in Maces & Flails
  2660 | D:4      | Reached XP level 7. HP: 14/41 MP: 7/7
  2977 | D:4      | Reached skill level 8 in Maces & Flails
  3152 | D:4      | HP: 17/41 [ogre/giant club (9)]
  3182 | D:4      | Noticed VeryStrategic's ghost (amateur CeHu)
  3357 | D:4      | Reached skill level 9 in Maces & Flails
  3357 | D:4      | Reached XP level 8. HP: 46/46 MP: 8/8
  3456 | D:4      | Found a staircase to the Ecumenical Temple.
  3471 | Temple   | Entered the Ecumenical Temple
  3775 | Temple   | Became a worshipper of the Shining One
  3876 | D:5      | Entered Level 5 of the Dungeon
  3911 | D:5      | Found a transporter.
  3975 | D:5      | Identified a book of Debilitation
  4286 | D:5      | Found a glowing drain.
  4299 | Sewer    | Entered a sewer
  4391 | Sewer    | Reached skill level 10 in Maces & Flails
  4418 | Sewer    | Found a white marble altar of Elyvilon.
  4672 | D:5      | Found a transporter.
  4803 | D:6      | Noticed Prince Ribbit
  4806 | D:6      | HP: 18/46 [Prince Ribbit (8)]
  5270 | D:6      | Identified a book of Maledictions
  5302 | D:6      | HP: 20/46 [Prince Ribbit (12)]
  5316 | D:6      | Killed Prince Ribbit
  5417 | D:6      | Reached skill level 11 in Maces & Flails
  5492 | D:6      | Reached XP level 9. HP: 49/51 MP: 9/9
  5531 | D:6      | HP: 22/52 [ogre/giant club (17)]
  5534 | D:6      | Reached skill level 4 in Fighting
  5534 | D:6      | Reached skill level 4 in Armour
  6047 | D:6      | Noticed Eustachio
  6061 | D:6      | Killed Eustachio
  6173 | D:7      | Found an opulent altar of Gozag.
  6335 | D:7      | Reached * piety under the Shining One
  6335 | D:7      | Reached skill level 5 in Armour
  6338 | D:7      | Reached skill level 5 in Fighting
  6571 | D:7      | Noticed Pikel
  6597 | D:7      | Killed Pikel
  6597 | D:7      | Reached skill level 6 in Fighting
  6597 | D:7      | Reached skill level 6 in Armour
  7384 | D:8      | Noticed Charmandara's ghost (novice DEEn)
  7384 | D:8      | Charmandara's ghost turns its malevolent gaze towards you.
  7408 | D:8      | Killed Charmandara's ghost
  7408 | D:8      | Reached skill level 7 in Fighting
  7408 | D:8      | Reached skill level 7 in Armour
  7408 | D:8      | Reached XP level 10. HP: 64/64 MP: 10/10
  7430 | D:8      | Found a sacrificial altar of Ru.
  7641 | D:8      | Reached skill level 8 in Armour
  7645 | D:8      | Reached skill level 8 in Fighting
  7870 | D:9      | HP: 31/64 [warg (7)]
  7876 | D:9      | HP: 15/64 [warg (2)]
  7995 | D:9      | Reached ** piety under the Shining One
  8333 | D:9      | Found a staircase to the Lair.
  8534 | D:9      | Reached skill level 9 in Fighting
  8534 | D:9      | Reached skill level 9 in Armour
  8707 | D:9      | Identified a book of Conjurations
  8838 | D:10     | Entered Level 10 of the Dungeon
  8881 | D:10     | You fall through a shaft!
  8892 | D:11     | Got a twisted flail
  8924 | D:11     | HP: 32/66 [acid (3)]
  8929 | D:11     | HP: 15/66 [acid (5)]
  8929 | D:11     | HP: 5/66 [acid (8)]
  8930 | D:11     | Splashed by a jelly's acid

Vault maps used:
D:1:      roderic_chinese_lattice_arrival
D:3:      first_bread
D:4:      minmay_temple_entry_poolview, uniq_menkaure, uniq_sigmund
D:5:      gammafunk_steamed_eel, portal_sewer_entry_d, grunt_tough_drop
D:6:      minmay_misc_feat_square, uniq_eustachio, uniq_prince_ribbit1
D:7:      minmay_misc_feat_five, nicolae_gozag_seed_capital, uniq_pikel
D:8:      nicolae_ru_awakened_eye, hangedman_pestilent_swarm
D:9:      erik_lair_orcish_takeover
D:10:     hiddenorc1_lemuel, uniq_erolcha
D:11:     serial_column_ruins, column_ruins_hut, column_ruins_corridor_T,
          column_ruins_open_tiny, column_ruins_corridor_corner,
          column_ruins_columns_straight, column_ruins_corridor_T,
          column_ruins_open_small
Temple:   regret_index_temple_sigil_plot
Sewer:    sewer_kobolds

Skill      XL: |  1  2  3  4  5  6  7  8  9 10 |
---------------+-------------------------------+-----
Maces & Flails | 3 4 5 6 7 9 11 | 11.0
Fighting       | 7 9 |  9.3
Armour         | 7 9 |  9.3
Shields        | |  3.2

Action                   |  1- 3 |  4- 6 |  7- 9 | 10-12 || total
-------------------------+-------+-------+-------+-------++-------
Melee: Flail             |   140 |   222 |   100 |       ||   462
       Morningstar       |       |       |   113 |       ||   113
       Whip              |       |       |   203 |   232 ||   435
Throw: Tomahawk          |       |       |     7 |       ||     7
  Use: Potion            |       |     1 |       |     1 ||     2
       Scroll            |       |       |       |     2 ||     2
  Eat: Chunk             |     1 |     3 |    17 |     3 ||    24
       Fruit             |       |     1 |       |       ||     1
Armor: Scale mail        |   115 |   125 |   126 |    73 ||   439
Dodge: Dodged            |    54 |    88 |    88 |    64 ||   294
Block: Shield            |    80 |   129 |   143 |    69 ||   421

Table legend:
 A = Spawn XP
 B = Non-spawn XP
 C = Spawn XP percentage of total XP
 D = Spawn monster count
 E = Non-spawn monster count
 F = Spawn count percentage of total count
 G = Total turns spent on level
                    A         B        C        D         E        F      G
               +---------+---------+-------+---------+---------+-------+---------
         Total |       0 |    7794 |   0.0 |       0 |     203 |   0.0 |  8930
               +---------+---------+-------+---------+---------+-------+---------
           D:1 |       0 |      37 |   0.0 |       0 |      17 |   0.0 |   661
           D:2 |       0 |     115 |   0.0 |       0 |      31 |   0.0 |   897
           D:3 |       0 |      83 |   0.0 |       0 |      24 |   0.0 |   668
           D:4 |       0 |    1094 |   0.0 |       0 |      25 |   0.0 |  1322
           D:5 |       0 |     360 |   0.0 |       0 |      14 |   0.0 |   683
           D:6 |       0 |    1108 |   0.0 |       0 |      23 |   0.0 |  1399
           D:7 |       0 |    1183 |   0.0 |       0 |      11 |   0.0 |  1171
           D:8 |       0 |    1758 |   0.0 |       0 |      21 |   0.0 |   524
           D:9 |       0 |    1336 |   0.0 |       0 |      21 |   0.0 |  1022
          D:10 |       0 |     132 |   0.0 |       0 |       1 |   0.0 |    43
          D:11 |       0 |     452 |   0.0 |       0 |       4 |   0.0 |    49
         Sewer |       0 |     136 |   0.0 |       0 |      11 |   0.0 |   163
               +---------+---------+-------+---------+---------+-------+---------
